 Dungeon Crawl Stone Soup version 0.31-a0-210-gccc998df9b (webtiles) character file.

Game seed: 12381715419594985221

31800 AvylaarBelgium the Eclecticist (level 13, -6/72 HPs)
             Began as a Deep Elf Conjurer on June 30, 2023.
             Was a High Priest of Vehumet.
             Mangled by a dream sheep (28 damage)
             ... on level 5 of the Lair of Beasts.
             The game lasted 00:42:50 (13000 turns).

AvylaarBelgium the Eclecticist (Deep Elf Conjurer) Turns: 13000, Time: 00:42:51

Health: -6/72      AC: 15    Str:  4    XL:     13   Next: 27%
Magic:  39/53      EV:  2    Int: 29    God:    Vehumet [*****.]
Gold:   563        SH:  0    Dex: 13    Spells: 16/45 levels left

rFire   . . .        K - +5 trident (vamp)
rCold   . . .        Q - +1 buckler {AC+3}
rNeg    . . .        N - +3 leather armour
rPois   .            u - +2 hat
rElec   .            z - +0 cloak
rCorr   .            (no gloves)
SInv    .            e - +2 pair of boots
Will    ++...        (no amulet)
Stlth   +++          m - ring of magical power
HPRegen 0.32/turn    p - ring of magical power
MPRegen 0.33/turn

%: no passive effects
@: sleeping
A: strong-willed 1, sturdy frame 2
a: Renounce Religion


You were on level 5 of the Lair of Beasts.
You worshipped Vehumet.
Vehumet was extremely pleased with you.
You visited 3 branches of the dungeon, and saw 14 of its levels.
You also visited: Volcano.

You collected 788 gold pieces.
You spent 225 gold pieces at shops.

Inventory:

Hand Weapons
 a - the +12 hand axe of the Bouncing Eyes {heavy, *Rage rElec rN+}
   (You found it on level 4 of the Lair of Beasts)

   rElec:     It insulates you from electricity.
   rN:        It protects you from negative energy.
   *Rage:     It berserks you when you make melee attacks (+20% chance).
 q - a +0 dagger of flaming
 C - a +0 spectral spear
 K - a +5 vampiric trident (weapon)
 T - a +2 great sword of flaming
Missiles
 y - 6 throwing nets
 L - 2 curare-tipped darts
Armour
 e - a +2 pair of boots (worn)
 u - a +2 hat (worn)
 z - a +0 cloak (worn)
 J - a +1 leather armour of fire resistance
 N - a +3 leather armour (worn)
 P - a +2 robe of willpower
 Q - a +1 buckler of protection (worn)
Jewellery
 g - a +4 ring of protection
 m - a ring of magical power (left hand)
 p - a ring of magical power (right hand)
 v - a ring of positive energy
Wands
 j - a wand of roots (32)
 D - a wand of charming (13)
 I - a wand of flame (43)
Scrolls
 c - a scroll of teleportation
 h - a scroll of amnesia {unknown}
 k - 3 scrolls of vulnerability {unknown}
 l - 2 scrolls of enchant armour
 n - 2 scrolls of summoning
 w - 2 scrolls of immolation
 x - a scroll of acquirement
 F - a scroll of blinking {unknown}
 G - a scroll of fog
 H - a scroll of noise {unknown}
 M - a scroll of poison
 R - 2 scrolls of fear
Potions
 b - a potion of magic
 d - 2 potions of berserk rage
 f - a potion of brilliance
 i - 3 potions of curing
 o - 2 potions of haste {unknown}
 r - 3 potions of heal wounds
 t - 3 potions of ambrosia
 A - a potion of might
 B - 2 potions of invisibility
 E - a potion of cancellation {unknown}
 O - 2 potions of resistance {unknown}
 S - 2 potions of attraction
Miscellaneous
 s - a sack of spiders


   Skills:
 - Level 5.2 Fighting
 - Level 4.0 Dodging
 - Level 4.3 Stealth
 - Level 7.0 Shields
 + Level 16.9 Spellcasting
 + Level 14.8 Conjurations
 - Level 9.6 Hexes
 - Level 3.0 Fire Magic


You had 16 spell levels left.
You knew the following spells:

 Your Spells              Type           Power      Damage    Failure   Level
a - Magic Dart            Conj           100%       1d8       0%          1
b - Searing Ray           Conj           100%       2d8       0%          2
c - Fulminant Prism       Conj/Hex       38%        3d17      1%          4
d - Dazzling Flash        Conj/Hex       100%       N/A       1%          3
e - Iskenderun's Mystic   Conj/Tloc      61%        2d13      1%          4
f - Sticky Flame          Conj/Fire      66%        2d8       1%          4
g - Flame Wave            Conj/Fire      66%        2d15      1%          4
h - Orb of Destruction    Conj           42%        9d12      1%          7

Your spell library contained the following spells:

 Spells                   Type           Power      Damage    Failure   Level
 Irradiate                Conj/Tmut      30%        3d21      1%          5
 Kiss of Death            Conj/Necr      100%       2d13      1%          1
 Slow                     Hex            100%       N/A       1%          1
 Poisonous Vapours        Pois/Air       48%        N/A       1%          2
 Confusing Touch          Hex            69%        N/A       1%          3
 Ignite Poison            Fire/Tmut/Pois 30%        N/A       1%          3
 Summon Guardian Golem    Hex/Summ       51%        N/A       1%          3
 Apportation              Tloc           48%        N/A       3%          1
 Necrotise                Necr           96%        1d8       3%          1
 Sting                    Tmut/Pois      96%        1d7       3%          1
 Summon Small Mammal      Summ           96%        N/A       3%          1
 Olgreb's Toxic Radiance  Pois           24%        N/A       9%          4
 Call Canine Familiar     Summ           24%        N/A       10%         3
 Vampiric Draining        Necr           24%        2d7       10%         3
 Ignition                 Fire           21%        3d8       100%        8


Dungeon Overview and Level Annotations

Branches:
Dungeon (8/15)             Temple (1/1) D:6            Lair (5/5) D:8
  Swamp (0/4) Lair:2       Spider (0/4) Lair:3        Slime (0/5) Lair:5
Volcano (visited)

Altars:
Ashenzari
Cheibriados
Dithmenos
Elyvilon
Fedhas
Gozag
Hepliaklqana
Kikubaaqudgha
Makhleb
Nemelex Xobeh
Okawaru
Qazlal
Ru
Trog
Uskayaw
Vehumet
Wu Jian
Xom
Yredelemnul
Zin
Jiyva

Shops:
D:2 (   D:5 (   D:7 *

Annotations:
Temple 2 transporters


Innate Abilities, Weirdness & Mutations

You are strong-willed. (Will+)
Your movements are less encumbered by armour. (ER -4)


Message History

The searing ray hits the dream sheep.
The dream sheep is severely wounded.
The searing ray misses the dream sheep. (Press . to maintain the ray.)
The yak barely misses you.
Your fulminant prism crackles loudly.
Unknown command.
The searing ray hits the yak.
The yak is almost dead.
The searing ray hits the dream sheep!
You kill the dream sheep!
Vehumet accepts your kill.
You feel your power returning.
The searing ray hits the dire elephant zombie.
The dire elephant zombie is lightly damaged.
The yak gores you!
* * * LOW HITPOINT WARNING * * *
The dream sheep ruffles its wool and motes of dream dust sparkle, to no effect.
Your fulminant prism explodes!
The blast of energy engulfs the dream sheep!!
You kill the dream sheep!
Vehumet accepts your kill.
The blast of energy engulfs the dream sheep!!
The dream sheep is almost dead.
The blast of energy engulfs the yak!!
You kill the yak!
Vehumet accepts your kill.
You feel your power returning.
The blast of energy engulfs the dream sheep!
The dream sheep is heavily wounded.
Unknown command.
The searing ray hits the dream sheep.
You kill the dream sheep!
Vehumet accepts your kill.
You feel your power returning.
The searing ray hits the dream sheep.
The dream sheep is severely wounded.
The dream sheep shake their wool and sparkle.
You feel drowsy...
You fall asleep.
The dream sheep bites you!!
You die...

#.....................
###...##.##....#....## Y..
#...########.##.#...P# ...
##...P.######.###...## .Y..
###.............###..## .....
#.##..P.......P..##...# #.Y...
.................##..###†....#
...~~.#..........##..##.....#.
.#~~≈#..........@##†..Z†......
#≈≈≈~.#..........Y†Z†.........
~≈≈≈~~#....#.#.P.#............
.#≈≈~#.....~~~~~..#...........
...~~.#...~~~~~~........#..#..
..........~~~~~~.#.....####...
.......#P.P~~~~...##..## ...
.....##....~~~~~..#...# ....
.....P##...~~~~..#....# ...


You could see a dream sheep and a dire elephant zombie.

Vanquished Creatures
  A hydra (Lair:5)
  Harold (Lair:1)
  Urug (Lair:4)
  A salamander mystic (Volcano)
  A skyshark (Lair:5)
  Pikel (D:7)
  4 salamanders (Volcano)
  4 black mambas
  8 elephants
  A molten gargoyle (Volcano)
  A torpor snail (Lair:4)
  11 cane toads
  A rime drake (Lair:5)
  6 komodo dragons
  3 polar bears
  4 blink frogs
  16 dream sheep
  3 jumping spiders (Lair:3)
  2 culicivoras (Lair:3)
  4 wyverns
  Sigmund (D:5)
  20 yaks
  Eustachio (D:4)
  A fire bat (Volcano)
  3 basilisks
  2 redbacks (Lair:3)
  A steam dragon (Lair:4)
  Menkaure (D:7)
  The ghost of gyole the Sneak, an amateur KoDe (D:6)
  13 water moccasins
  2 black bears
  3 ice beasts
  A sky beast (D:7)
  2 orc warriors (D:8)
  3 ogres
  3 centaurs
  16 wolves
  4 lemures (D:7)
  A phantom (D:4)
  12 bullfrogs
  2 wyvern zombies (D:7)
  A gnoll sergeant (D:4)
  9 scorpions
  A water moccasin zombie (D:7)
  7 wights (D:7)
  6 howler monkeys
  7 lava snakes (Volcano)
  2 centaur zombies (D:7)
  A bullfrog zombie (D:7)
  7 jellies
  2 hounds (D:7)
  4 orc priests
  4 gnoll boudas
  2 sleepcaps
  3 iguanas
  Ijyb (D:4)
  6 orc wizards
  Terence (D:3)
  2 hound zombies (D:5)
  A howler monkey zombie (D:7)
  Robin (D:4)
  21 gnolls
  7 adders
  3 white imps
  An ufetubus (D:7)
  2 worms (D:3)
  3 dart slugs
  33 orcs
  6 ball pythons
  10 bats
  10 endoplasms
  2 giant cockroaches
  13 goblins
  8 hobgoblins
  6 jackals
  7 kobolds
  7 quokkas
  8 rats
382 creatures vanquished.

Vanquished Creatures (others)
  198 fulminant prisms
198 creatures vanquished.

Grand Total: 580 creatures vanquished

Notes
Turn   | Place    | Note
-------+----------+-------------------------------------------
     0 | D:1      | AvylaarBelgium the Deep Elf Conjurer began the quest for
                  | the Orb.
     0 | D:1      | Reached XP level 1. HP: 10/10 MP: 6/6
   223 | D:1      | Reached XP level 2. HP: 15/15 MP: 0/8
   668 | D:2      | Found Cohapnogg's Antique Weapon Shoppe.
   721 | D:2      | Reached XP level 3. HP: 19/19 MP: 6/10
   876 | D:1      | Learned a level 2 spell: Searing Ray
   927 | D:2      | Found a faded altar of an unknown god.
  1318 | D:2      | Reached skill level 4 in Spellcasting
  1419 | D:3      | Noticed Terence
  1425 | D:3      | Learned a level 3 spell: Dazzling Flash
  1432 | D:3      | Killed Terence
  1433 | D:3      | Reached XP level 4. HP: 24/24 MP: 2/12
  1788 | D:3      | Reached skill level 5 in Conjurations
  2056 | D:3      | Reached XP level 5. HP: 28/28 MP: 13/13
  2643 | D:3      | Found an iron altar of Okawaru.
  2786 | D:4      | Learned a level 4 spell: Fulminant Prism
  2828 | D:4      | Noticed an ogre
  2829 | D:4      | Noticed Ijyb
  2854 | D:4      | Killed an ogre
  2855 | D:4      | Reached skill level 5 in Spellcasting
  2855 | D:4      | Reached XP level 6. HP: 24/32 MP: 16/16
  2918 | D:4      | Reached skill level 6 in Spellcasting
  2929 | D:4      | Killed Ijyb
  2957 | D:4      | Noticed an ice beast
  2966 | D:4      | Killed an ice beast
  2967 | D:4      | Reached XP level 7. HP: 22/36 MP: 13/19
  3245 | D:4      | Noticed Robin
  3256 | D:4      | Killed Robin
  3257 | D:4      | Reached skill level 7 in Spellcasting
  3409 | D:4      | Noticed Eustachio
  3429 | D:5      | Entered Level 5 of the Dungeon
  3435 | D:5      | Learned a level 4 spell: Iskenderun's Mystic Blast
  3440 | D:5      | Learned a level 4 spell: Sticky Flame
  3744 | D:5      | Noticed Sigmund
  3909 | D:5      | Killed Sigmund
  3910 | D:5      | Reached skill level 8 in Spellcasting
  3910 | D:5      | Reached XP level 8. HP: 41/41 MP: 10/22
  4316 | D:5      | Found Atym's Weapon Shop.
  4378 | D:5      | Found a basalt altar of Yredelemnul.
  4388 | D:5      | Reached skill level 9 in Spellcasting
  4620 | D:4      | Killed Eustachio
  4645 | D:4      | Found a sacrificial altar of Ru.
  4865 | D:6      | Reached skill level 1 in Hexes
  4867 | D:6      | Reached skill level 10 in Spellcasting
  4867 | D:6      | Reached skill level 1 in Fire Magic
  5081 | D:6      | Reached XP level 9. HP: 45/45 MP: 25/25
  5278 | D:6      | Found a hazy altar of Hepliaklqana.
  5378 | D:6      | Found a staircase to the Ecumenical Temple.
  5514 | Temple   | Entered the Ecumenical Temple
  5514 | Temple   | Found a transporter.
  5514 | Temple   | Found a transporter.
  5516 | Temple   | Found a transporter.
  5516 | Temple   | Found a transporter.
  5530 | Temple   | Became a worshipper of Vehumet
  5674 | D:6      | Gained mutation: You have sharp fingernails. [potion of
                  | mutation]
  5674 | D:6      | Gained mutation: You are clumsy. (Dex -2) [potion of
                  | mutation]
  5675 | D:6      | Lost mutation: You are clumsy. (Dex -2) [potion of
                  | mutation]
  5675 | D:6      | Lost mutation: You have sharp fingernails. [potion of
                  | mutation]
  5675 | D:6      | Gained mutation: You are strong-willed. (Will+) [potion of
                  | mutation]
  5675 | D:6      | Gained mutation: Your movements are slightly less
                  | encumbered by armour. (ER -2) [potion of mutation]
  5675 | D:6      | Gained mutation: Your movements are less encumbered by
                  | armour. (ER -4) [potion of mutation]
  5818 | D:6      | Found a runed translucent door.
  5818 | D:6      | Noticed gyole's ghost (amateur KoDe)
  5830 | D:6      | Killed gyole's ghost
  6300 | D:7      | Noticed Pikel
  6317 | D:7      | Killed Pikel
  6318 | D:7      | Reached skill level 11 in Spellcasting
  6336 | D:7      | Reached skill level 10 in Conjurations
  6336 | D:7      | Reached skill level 5 in Hexes
  6445 | D:7      | Found Plog's General Store.
  6453 | D:7      | Bought a +1 buckler of protection for 181 gold pieces
  6453 | D:7      | Bought a scroll of fear for 44 gold pieces
  6484 | D:7      | Reached skill level 1 in Shields
  6532 | D:7      | Reached * piety under Vehumet
  6532 | D:7      | Offered knowledge of Freeze by Vehumet.
  6800 | D:7      | Noticed Menkaure
  6803 | D:7      | Killed Menkaure
  6804 | D:7      | Reached XP level 10. HP: 27/50 MP: 27/27
  7036 | D:7      | Found a hide-covered altar of Uskayaw.
  7339 | D:8      | Offered knowledge of Scorch by Vehumet.
  7356 | D:8      | Reached ** piety under Vehumet
  7530 | D:8      | Reached skill level 12 in Spellcasting
  7567 | D:8      | Found a staircase to the Lair.
  8068 | Lair:1   | Entered Level 1 of the Lair of Beasts
  8085 | Lair:1   | Noticed Harold
  8086 | Lair:1   | Noticed a black mamba
  8095 | Lair:1   | Killed a black mamba
  8105 | Lair:1   | Killed Harold
  8123 | Lair:1   | Reached skill level 5 in Shields
  8125 | Lair:1   | Offered knowledge of Stone Arrow by Vehumet.
  8306 | Lair:1   | Reached XP level 11. HP: 5/54 MP: 29/29
  8470 | Lair:1   | You fall into a shaft and drop 1 floor!
  8482 | Lair:2   | Found a staircase to the Swamp.
  8541 | Lair:2   | Reached *** piety under Vehumet
  8542 | Lair:2   | Reached skill level 13 in Spellcasting
  8578 | Lair:1   | Got the Textbook on Power
  8651 | Lair:1   | Found a dark tunnel.
  8662 | Volcano  | Entered a volcano
  8815 | Volcano  | Noticed a salamander mystic
  8823 | Volcano  | Offered knowledge of Flame Wave by Vehumet.
  8829 | Volcano  | Killed a salamander mystic
  8930 | Volcano  | Found a radiant altar of Vehumet.
  8989 | Volcano  | Identified a scroll of acquirement
  8993 | Volcano  | Noticed a red draconian
  9778 | Lair:1   | Learned a level 4 spell: Flame Wave
  9786 | Lair:1   | Learned a level 7 spell: Orb of Destruction
 10056 | Lair:3   | Reached skill level 1 in Fighting
 10252 | Lair:3   | Found a hole to the Spider Nest.
 10516 | Lair:3   | Reached skill level 14 in Spellcasting
 10532 | Lair:3   | Reached XP level 12. HP: 64/64 MP: 32/32
 10554 | Lair:3   | Reached **** piety under Vehumet
 10685 | Lair:3   | Offered knowledge of Frozen Ramparts by Vehumet.
 11300 | Lair:4   | Reached skill level 15 in Spellcasting
 11303 | Lair:4   | Noticed Urug
 11311 | Lair:4   | Killed Urug
 11450 | Lair:4   | Reached skill level 5 in Fighting
 11503 | Lair:4   | Identified the +12 hand axe of the Bouncing Eyes {heavy,
                  | *Rage rElec rN+}
 12229 | Lair:5   | Entered Level 5 of the Lair of Beasts
 12261 | Lair:5   | Reached ***** piety under Vehumet
 12262 | Lair:5   | Reached skill level 16 in Spellcasting
 12455 | Lair:5   | Reached XP level 13. HP: 72/72 MP: 20/35
 12629 | Lair:5   | Found a viscous altar of Jiyva.
 12789 | Lair:5   | Found a staircase to the Slime Pits.
 12794 | Lair:5   | Offered knowledge of Irradiate by Vehumet.
 13000 | Lair:5   | Mangled by a dream sheep

Illustrated notes

Levels and vault maps discovered:
D:1:      saegor_arrival_simple_c, layout_basic, amcnicky_mini_corridor_feature
D:2:      layout_rooms, serial_shops, shop,
          chequers_ecumenical_altar_simple_redux, grunt_decor_arrowhead,
          grunt_ministairs_3, minivault_5, minmay_split_cup_small
D:3:      wad_lake_hut, layout_basic, hellmonk_okawaru_the_only_friend_you_need,
          kennysheep_another_room, chequers_jeans, uniq_terence
D:4:      layout_rooms, nicolae_ru_awakened_eye, grunt_decor_fettered,
          nicolae_grassy_gnolls, uniq_eustachio, uniq_ijyb, uniq_robin
D:5:      layout_loops_ring, lemuel_zombie_altar_yredelemnul, serial_shops,
          kennysheep_mini, uniq_sigmund
D:6:      layout_loops_ring, nicolae_hepliaklqana_hippocampus,
          lemuel_temple_firewalk_a, ebering_ghost_reflecting_pool
D:7:      layout_basic, general_overflow_altar, serial_undead, serial_undead_e,
          serial_undead_c, serial_undead_c, serial_undead_f, serial_shops, shop,
          uniq_menkaure, uniq_pikel
D:8:      layout_loops_cross, grunt_lair_entry_orc_guard_hut
Temple:   hellmonk_temple_divided_pantheon
Lair:1:   layout_cave_pods, lightli_volcano_entry_magma_tube, lemuel_fruit_tree,
          uniq_harold
Lair:2:   layout_roguey, skrybe_swamp_entry_bodies, minivault_23,
          beast_lair_carwin_1, infiniplex_staircase_pool_2
Lair:3:   layout_cave_shapes, nicolae_spider_entry_tight_spaces
Lair:4:   layout_regular_city, infiniplex_staircase_pool, grunt_megastairs_2,
          uniq_urug
Lair:5:   due_jungle_book, layout_gridlike, nicolae_slime_entry_field_trip

Skill      XL: |  1  2  3  4  5  6  7  8  9 10 11 12 |
---------------+-------------------------------------+-----
Stealth        | 3 4 |  4.3
Dodging        | 3 4 |  4.0
Spellcasting   | 4 5 6 8 10 11 12 14 16 | 16.9
Conjurations   | 5 6 7 9 10 11 12 14 | 14.8
Hexes          | 2 6 8 9 |  9.6
Fire Magic     | 2 3 |  3.0
Shields        | 2 5 7 |  7.0
Fighting       | 2 5 |  5.2

Action                     |  1- 3 |  4- 6 |  7- 9 | 10-12 | 13-15 || total
---------------------------+-------+-------+-------+-------+-------++-------
  Melee: Whip              |    13 |       |       |       |       ||    13
         Unarmed           |     3 |       |       |       |       ||     3
         Dagger            |    19 |     1 |     2 |       |       ||    22
         Trident           |       |       |       |    16 |     1 ||    17
   Cast: Magic Dart        |    85 |    69 |    87 |    10 |    15 ||   266
         Searing Ray       |     1 |    11 |    36 |    30 |     4 ||    82
         Fulminant Prism   |       |     3 |    46 |   134 |    15 ||   198
         Dazzling Flash    |       |     1 |     1 |     2 |       ||     4
         Iskenderun's Myst |       |       |    15 |    42 |     1 ||    58
         Sticky Flame      |       |       |     1 |     1 |       ||     2
         Orb of Destructio |       |       |       |    20 |     5 ||    25
         Flame Wave        |       |       |       |     3 |       ||     3
    Use: Potion            |       |     2 |     2 |    11 |       ||    15
         Scroll            |       |       |     9 |     7 |     1 ||    17
 Armour: Robe              |    23 |     6 |    10 |       |       ||    39
         Leather armour    |       |       |     2 |    44 |     7 ||    53
  Dodge: Dodged            |    55 |    14 |    33 |    46 |     7 ||   155
  Block: Buckler           |       |       |       |    27 |     2 ||    29

Table legend: (Time is in decaauts)
 A = Elapsed time spent in this place.
 B = Non-inter-level travel time spent in this place.
 C = Inter-level travel time spent in this place.
 D = Time resting spent in this place.
 E = Time spent auto-exploring this place.
 F = Levels seen in this place.
 G = Mean time per level.
                   A        B        C        D        E       F      G
               +--------+--------+--------+--------+--------+-----+--------+
         Total |  13064 |  12383 |    681 |   2461 |   7063 |  15 |  870.9 |
       Dungeon |   8233 |   7714 |    519 |   1516 |   4849 |   8 | 1029.1 |
        Temple |     33 |     33 |      0 |      0 |      5 |   1 |   33.0 |
          Lair |   4437 |   4276 |    161 |    945 |   2209 |   5 |  887.4 |
       Volcano |    360 |    360 |      0 |      0 |      0 |   1 |  360.0 |
               +--------+--------+--------+--------+--------+-----+--------+

Top non-repeatable levels by time:
     D:3: 1504 daAuts
     D:6: 1326 daAuts
  Lair:1: 1237 daAuts
  Lair:3: 1209 daAuts
     D:7: 1078 daAuts
     D:5: 989 daAuts
  Lair:4: 978 daAuts
     D:4: 961 daAuts
     D:8: 939 daAuts
  Lair:5: 771 daAuts
     D:1: 762 daAuts
     D:2: 672 daAuts
 Volcano: 360 daAuts
  Lair:2: 241 daAuts
  Temple: 33 daAuts
